 Dungeon Crawl Stone Soup version 0.28-a0-969-g2dcde036d2 (webtiles) character file.

Game seed: 13793805414935082848

4644 Froggeryz the Basher (level 10, 0/56 HPs)
             Began as a Gargoyle Cinder Acolyte on Dec 1, 2021.
             Was a High Priest of Ignis.
             Slain by Erica (13 damage)
             ... on level 8 of the Dungeon.
             The game lasted 00:09:18 (9447 turns).

Froggeryz the Basher (Gargoyle Cinder Acolyte)      Turns: 9447, Time: 00:09:18

Health: 0/56       AC: 16    Str: 21    XL:     10   Next: 43%
Magic:  12/12      EV:  9    Int: 16    God:    Ignis [*****.]
Gold:   266        SH:  0    Dex:  5    Spells: 11/11 levels left

rFire   + . .      SeeInvis .   a - +0 mace (spect)
rCold   . . .      Faith    .   (no shield)
rNeg    + + .      Spirit   .   b - +0 scale mail
rPois   ∞          Reflect  .   s - +0 helmet
rElec   +          Harm     .   q - +0 cloak
rCorr   +          Rampage  .   (no gloves)
Will    +....      Clarity  +   (no boots)
Stlth   ..........              (no amulet)
HPRegen 0.18/turn               k - ring of resist corrosion
MPRegen 0.13/turn               m - ring of positive energy

@: studying Dodging
A: sickness immunity, AC +7, negative energy resistance 1, electricity
resistance, torment resistance 1, petrification resistance, clarity, high mp 1,
strong-willed 1
a: Renounce Religion, Fiery Armour, Foxfire Swarm, Rising Flame


You were on level 8 of the Dungeon.
You worshipped Ignis.
Ignis was extremely pleased with you.
You visited 2 branches of the dungeon, and saw 9 of its levels.

You collected 266 gold pieces.

Inventory:

Hand Weapons
 a - a +0 spectral mace (weapon)
 r - the +10 hand axe of the Screaming Genius {antimagic, rElec Int+3}
   (You found it on level 4 of the Dungeon)

   It reduces the magical energy of the wielder, and disrupts the spells and
   magical abilities of those it strikes.
   Natural abilities and divine invocations are not affected.
   Int:       It affects your intelligence (+3).
   rElec:     It insulates you from electricity.
Missiles
 g - 70 poisoned darts (quivered)
Armour
 b - a +0 scale mail (worn)
 q - a +0 cloak (worn)
 s - a +0 helmet (worn)
Jewellery
 h - a ring of positive energy
 k - a ring of resist corrosion (left hand)
 m - a ring of positive energy (right hand)
Scrolls
 d - 3 scrolls of enchant weapon
 f - a scroll of amnesia
 i - a scroll of fog
 j - 2 scrolls of fear {unknown}
 l - a scroll of holy word
 u - a scroll of teleportation {unknown}
 v - a scroll of silence {unknown}
 w - 3 scrolls of identify
Potions
 c - a potion of might {unknown}
 e - 2 potions of ambrosia {unknown}
 n - a potion of curing
 o - 4 potions of brilliance
 p - a potion of resistance {unknown}
 t - 2 potions of lignification {unknown}
 x - 2 potions of degeneration {unknown}


   Skills:
 + Level 3.2 Fighting
 - Level 4.1(9.2) Axes
 * Level 13.8(14.1) Maces & Flails
 - Level 4.0 Armour
 - Level 1.0 Spellcasting
 - Level 3.0 Fire Magic


You had 11 spell levels left.
You didn't know any spells.
Your spell library contained the following spells:

 Spells                   Type           Power      Damage    Failure   Level
 Scorch                   Fire           20%        2d6       26%         2
 Pain                     Necr           0%         1d4       52%         1
 Agony                    Necr           0%         N/A       100%        5
 Excruciating Wounds      Necr           0%         N/A       100%        5


Dungeon Overview and Level Annotations

Branches:
Dungeon (8/15)             Temple (1/1) D:7
   Lair: D:8-11

Altars:
Ashenzari
Cheibriados
Makhleb
Okawaru
Sif Muna
The Shining One

Shops:
D:2 (   D:5 :

Annotations:
D:3 1 runed translucent door, Vivir's ghost, amateur MiFi
D:8 Erica


Innate Abilities, Weirdness & Mutations

You are immune to sickness and miasma.
Your stone body is resilient. (AC +7)
You are immune to poison.
You resist negative energy. (rN+)
You are resistant to electric shocks. (rElec)
You are resistant to unholy torment.
You are immune to petrification.
You possess an exceptional clarity of mind.
You have an increased reservoir of magic. (+10% MP)
You are strong-willed. (Will+)


Message History

You are too injured to fight recklessly!
You are too injured to fight recklessly!
You hit the two-headed ogre.
The two-headed ogre is severely wounded.
Your +0 spectral mace hits the two-headed ogre!
You hit the two-headed ogre.
You kill the two-headed ogre!
You start resting.
HP restored.
Things that are here:
a +0 giant club; a +0 giant club
e - 2 green potions
Found 23 bolts.
Erica the Fiery-Tempered comes into view.
She is wielding a +1 scimitar of flaming.
Erica shouts!
Erica is nearby!
Erica is nearby!
Erica hits you with a +1 scimitar of flaming.
Erica gestures at you while chanting. The lance of force hits you!
You are knocked back by the lance of force.
You slam into the rock wall!
Erica gestures at you while chanting. The lance of force hits you!!
* * * LOW HITPOINT WARNING * * *
You are knocked back by the lance of force.
You slam into the rock wall!
You hit Erica.
Erica is lightly wounded.
Your +0 spectral mace misses Erica.
Erica hits you with a +1 scimitar of flaming.
* * * LOW HITPOINT WARNING * * *
You closely miss Erica.
Erica is lightly wounded.
Your +0 spectral mace hits Erica!
You hit Erica.
Erica is lightly wounded.
Your +0 spectral mace hits Erica!
Erica hits you with a +1 scimitar of flaming!
You die...

... ..# #.# #.# #.#
#.# #.# #.#
##.####.#
#.......#######
#..####.....@(#
.####..####.#.#.#@#
.............#..#.#
............#(#.#..
####)...#######.####
.....#..# #.#
####....# #.# ####<#
... #.# ..#


You could see Erica and a friendly +0 spectral mace (summoned).

Vanquished Creatures
  A two-headed ogre (D:8)
  Sigmund (D:3)
  The ghost of JohnySteedPL the Skirmisher, an amateur OgAK of Lugonu (D:4)
  6 yaks
  Edmund (D:4)
  2 water moccasins
  An ice beast (D:6)
  A black bear (D:5)
  4 sky beasts
  2 centaurs (D:6)
  2 phantoms
  2 kobold brigands (D:7)
  5 bullfrogs
  3 scorpions
  A wyvern skeleton (D:7)
  4 wights
  5 howler monkeys
  6 hounds
  A jelly (D:5)
  Crazy Yiuf (D:3)
  A bullfrog skeleton (D:5)
  2 centaur skeletons (D:6)
  An orc wizard (D:5)
  Natasha (twice) (D:2)
  An iguana (D:4)
  A killer bee zombie (D:5)
  A hound zombie (D:5)
  Robin (D:2)
  4 gnolls (D:6)
  8 adders
  An adder skeleton (D:4)
  A worm (D:2)
  3 dart slugs
  5 orcs
  6 endoplasms
  A giant cockroach (D:4)
  19 goblins
  13 hobgoblins
  3 quokkas
  5 ball pythons
  5 bats
  2 frilled lizards
  18 kobolds
  4 rats
158 creatures vanquished.

Vanquished Creatures (others)
  8 demonic plants (D:2)
  2 fungi (D:2)
  4 plants
  A withered plant (D:2)
15 creatures vanquished.

Grand Total: 173 creatures vanquished

Notes
Turn   | Place    | Note
-------+----------+-------------------------------------------
     0 | D:1      | Froggeryz the Gargoyle Cinder Acolyte began the quest for
                  | the Orb.
     0 | D:1      | Reached XP level 1. HP: 14/14 MP: 2/2
   391 | D:1      | Reached XP level 2. HP: 6/19 MP: 3/3
   634 | D:1      | Reached skill level 1 in Armour
  1659 | D:2      | Reached XP level 3. HP: 20/23 MP: 4/4
  1710 | D:2      | Found Qapp's Antique Weapon Shoppe.
  2275 | D:2      | Noticed Natasha
  2285 | D:2      | Killed Natasha
  2286 | D:2      | Reached skill level 4 in Maces & Flails
  2613 | D:2      | Reached XP level 4. HP: 28/28 MP: 5/5
  2618 | D:2      | Found a faded altar of an unknown god.
  2622 | D:2      | Noticed Natasha
  2636 | D:2      | Killed Natasha
  3094 | D:3      | Noticed Robin
  3113 | D:2      | Killed Robin
  3337 | D:3      | Found a broken altar of Ashenzari.
  3381 | D:3      | Reached XP level 5. HP: 32/32 MP: 6/6
  3408 | D:3      | Found a runed translucent door.
  3414 | D:3      | Noticed Vivir's ghost (amateur MiFi)
  3719 | D:3      | Noticed Sigmund
  3733 | D:3      | Killed Sigmund
  3734 | D:3      | Reached skill level 5 in Maces & Flails
  3734 | D:3      | Reached XP level 6. HP: 29/37 MP: 7/7
  3900 | D:3      | Found a runed translucent door.
  3901 | D:3      | Noticed Crazy Yiuf
  3907 | D:3      | Killed Crazy Yiuf
  3908 | D:3      | Reached skill level 6 in Maces & Flails
  4671 | D:4      | Identified the +10 hand axe of the Screaming Genius
                  | {antimagic, rElec Int+3}
  4859 | D:4      | Reached skill level 1 in Axes
  4859 | D:4      | Reached XP level 7. HP: 41/41 MP: 2/8
  4948 | D:4      | Noticed Edmund
  4967 | D:4      | Killed Edmund
  5192 | D:4      | Found a runed translucent door.
  5193 | D:4      | Noticed JohnySteedPL's ghost (amateur OgAK)
  5623 | D:4      | Killed JohnySteedPL's ghost
  5771 | D:5      | Entered Level 5 of the Dungeon
  5781 | D:5      | Noticed a yak
  5798 | D:4      | Killed a yak
  5799 | D:4      | Reached skill level 7 in Maces & Flails
  5799 | D:4      | Reached XP level 8. HP: 28/46 MP: 9/9
  5981 | D:5      | Found Feuty's Book Shop.
  6013 | D:5      | Reached skill level 8 in Maces & Flails
  6103 | D:5      | Reached skill level 9 in Maces & Flails
  6723 | D:6      | Reached XP level 9. HP: 51/51 MP: 10/10
  6770 | D:6      | Reached skill level 10 in Maces & Flails
  6993 | D:6      | Found a glowing golden altar of the Shining One.
  7000 | D:6      | Found a shimmering blue altar of Sif Muna.
  7000 | D:6      | Found a snail-covered altar of Cheibriados.
  7356 | D:6      | Identified the +3 spear of Gigio {vamp, rPois}
  7376 | D:6      | Reached skill level 11 in Maces & Flails
  7871 | D:7      | Gained mutation: You have an increased reservoir of magic.
                  | (+10% MP) [potion of mutation]
  7871 | D:7      | Gained mutation: You expend magic power (3 MP) to
                  | strengthen your wands. [potion of mutation]
  7871 | D:7      | Gained mutation: You have hidden genetic defects. [potion
                  | of mutation]
  7871 | D:7      | Gained mutation: Your spells are a little harder to cast,
                  | but a little more powerful. [potion of mutation]
  7906 | D:7      | HP: 1/51 [wight (10)]
  7919 | D:6      | HP: 1/51 [wight (4)]
  8307 | D:7      | Reached skill level 12 in Maces & Flails
  8326 | D:7      | Gained mutation: You sometimes lose the ability to read
                  | scrolls when taking damage. [hidden defects]
  8354 | D:7      | Lost mutation: You sometimes lose the ability to read
                  | scrolls when taking damage. [potion of mutation]
  8354 | D:7      | Lost mutation: Your spells are a little harder to cast, but
                  | a little more powerful. [potion of mutation]
  8354 | D:7      | Lost mutation: You expend magic power (3 MP) to strengthen
                  | your wands. [potion of mutation]
  8354 | D:7      | Gained mutation: You possess an exceptional clarity of
                  | mind. [potion of mutation]
  8354 | D:7      | Lost mutation: You have hidden genetic defects. [potion of
                  | mutation]
  8354 | D:7      | Gained mutation: You are strong-willed. (Will+) [potion of
                  | mutation]
  8523 | D:7      | Reached XP level 10. HP: 44/56 MP: 12/12
  8779 | D:7      | Reached skill level 13 in Maces & Flails
  8968 | D:7      | Found a burning altar of Makhleb.
  9083 | D:7      | Found an iron altar of Okawaru.
  9180 | D:7      | Found a staircase to the Ecumenical Temple.
  9202 | Temple   | Entered the Ecumenical Temple
  9251 | D:8      | Noticed a two-headed ogre
  9259 | D:8      | Killed a two-headed ogre
  9440 | D:8      | Noticed Erica
  9447 | D:8      | Slain by Erica

Illustrated notes

Levels and vault maps discovered:
D:1:      minmay_arrival_open_corners, layout_rooms, kennysheep_crisscross
D:2:      layout_loops_corners, serial_shops, shop,
          shapermc_ecumenical_altar_gd, kennysheep_generic_room_5, uniq_natasha
D:3:      layout_loops_ring, nicolae_ashenzari_skybound,
          ebering_ghost_reflecting_pool, serial_bayou_ford_a, uniq_sigmund,
          uniq_crazy_yiuf_cottage, uniq_robin
D:4:      layout_layer_cave, ebering_ghost_sewer_d, uniq_edmund
D:5:      layout_cave_pools, serial_shops, shop, minmay_manual_monstrance
D:6:      layout_basic, grunt_temple_overflow_open
D:7:      layout_rooms, okawaru_altar_gauntlet_db,
          lemuel_coloured_pillars_altar, minmay_temple_entry_nine_rooms,
          st_stairs_4, serial_bayou_pond_e
D:8:      layout_loops_ring, erik_lair_island, uniq_harold, uniq_maggie,
          uniq_erica
Temple:   regret_index_temple_sphere_string

Skill      XL: |  1  2  3  4  5  6  7  8  9 10 |
---------------+-------------------------------+-----
Armour         | 1 2 3 4 |  4.0
Maces & Flails | 4 5 6 7 9 12 13 | 13.8
Axes           | 1 4 |  4.1
Fighting       | |  3.2
Spellcasting   | |  1.0
Fire Magic     | |  3.0

Action                   |  1- 3 |  4- 6 |  7- 9 | 10-12 || total
-------------------------+-------+-------+-------+-------++-------
Melee: Mace              |   134 |   119 |   239 |    38 ||   530
       Hand axe          |       |     9 |    28 |       ||    37
Throw: Dart              |       |     4 |     5 |       ||     9
  Use: Scroll            |       |     5 |     5 |       ||    10
       Potion            |       |       |     6 |       ||     6
 Stab: Distracted        |       |       |     1 |     1 ||     2
Armor: Robe              |    21 |       |       |       ||    21
       Ring mail         |    49 |    81 |    22 |       ||   152
       Scale mail        |       |       |   148 |     9 ||   157
Dodge: Dodged            |    99 |    80 |   123 |     7 ||   309

Table legend: (Time is in decaauts)
 A = Elapsed time spent in this place.
 B = Non-inter-level travel time spent in this place.
 C = Inter-level travel time spent in this place.
 D = Time resting spent in this place.
 E = Time spent auto-exploring this place.
 F = Levels seen in this place.
 G = Mean time per level.
                   A        B        C        D        E       F      G
               +--------+--------+--------+--------+--------+-----+--------+
         Total |   9457 |   8810 |    647 |   2514 |   4975 |   9 | 1050.8 |
       Dungeon |   9456 |   8809 |    647 |   2514 |   4975 |   8 | 1182.0 |
        Temple |      1 |      1 |      0 |      0 |      0 |   1 |    1.0 |
               +--------+--------+--------+--------+--------+-----+--------+

Top non-repeatable levels by time:
     D:2: 1849 daAuts
     D:4: 1529 daAuts
     D:6: 1489 daAuts
     D:1: 1361 daAuts
     D:3: 1202 daAuts
     D:5: 924 daAuts
     D:7: 904 daAuts
     D:8: 194 daAuts
  Temple: 1 daAuts
